 Dungeon Crawl Stone Soup version 0.28-a0-691-gad6df49e81 (webtiles) character file.

Game seed: 16664454664216332171

36 cheechan the Chopper (level 3, -2/34 HPs)
             Began as a Naga Chaos Knight on Oct 21, 2021.
             Was an Initiate of Zin (penitent).
             Frozen to death by an endoplasm (5 damage)
             ... on level 2 of the Dungeon.
             The game lasted 00:06:08 (1090 turns).

cheechan the Chopper (Naga Chaos Knight)            Turns: 1090, Time: 00:06:08

Health: -2/34      AC:  4    Str: 15    XL:     3   Next: 37%
Magic:  3/3        EV:  9    Int: 12    God:    Zin [*]
Gold:   45         SH:  0    Dex: 10    Spells: 2/2 levels left

rFire   . . .      SeeInvis +   h - +0 mace
rCold   . . .      Faith    .   (no shield)
rNeg    . . .      Spirit   .   b - +2 leather armour
rPois   +          Reflect  .   (no helmet)
rElec   .          Harm     .   (no cloak)
rCorr   .          Rampage  .   (no gloves)
Will    .....                   (no barding)
Stlth   +.........              (no amulet)
HPRegen 0.11/turn               (no ring)
MPRegen 0.08/turn               (no ring)

@: very slow
A: AC +1, large, see invisible, deformed body, poison resistance, slowness 2,
spit poison 1, naga tail 1
a: Spit Poison, Renounce Religion, Donate Gold


You were on level 2 of the Dungeon.
You worshipped Zin.
Zin was demanding penance.
You visited 1 branch of the dungeon, and saw 2 of its levels.

You collected 50 gold pieces.
You donated 5 gold pieces to Zin.

Inventory:

Hand Weapons
 a - a +0 hand axe of chaos
 h - a +0 mace (weapon)
Missiles
 e - 10 poisoned darts
 i - 20 stones
Armour
 b - a +2 leather armour (worn)
Potions
 c - a potion of cancellation {unknown}
 d - a potion of mutation {unknown}
 f - a potion of magic {unknown}
 g - 2 potions of attraction {unknown}


   Skills:
 + Level 3.3 Fighting
 + Level 3.4(3.5) Axes
 + Level 0.6(2.2) Maces & Flails
 + Level 2.0 Armour
 + Level 1.0 Dodging


You had 2 spell levels left.
You didn't know any spells.
Your spell library contained the following spells:

 Spells                   Type           Power      Damage    Failure   Level
 Portal Projectile        Hex/Tloc       0%         N/A       77%         3
 Blade Hands              Tmut           0%         N/A       100%        5
 Excruciating Wounds      Necr           0%         N/A       100%        5


Dungeon Overview and Level Annotations

Branches:
Dungeon (2/15)

Altars:
Zin


Innate Abilities, Weirdness & Mutations

Your serpentine skin is tough. (AC +1)
You have supernaturally acute eyesight. (SInv)
Armour fits poorly on your strangely shaped body.
Your system is resistant to poisons. (rPois)
You cover ground very slowly.
You can spit poison.
You have a snake-like lower body.


Message History

* * * LOW HITPOINT WARNING * * *
You closely miss the kobold. The bat barely misses you. The hobgoblin hits you.
* * * LOW HITPOINT WARNING * * *
The kobold hits you but does no damage. The endoplasm barely misses you.
The hobgoblin hits you but does no damage.
The bat hits you but does no damage. The hobgoblin barely misses you.
The kobold barely misses you.
You completely miss the bat. The bat barely misses you.
The bat hits you but does no damage.
The hobgoblin hits you but does no damage.
The kobold hits you with a +0 club.
* * * LOW HITPOINT WARNING * * *
The endoplasm freezes you.
You are frozen.
* * * LOW HITPOINT WARNING * * *
The bat misses you. The bat closely misses you.
The bat hits you but does no damage. The kobold hits you with a +0 club.
* * * LOW HITPOINT WARNING * * *
The bat closely misses you.
Abil: Spit Poison
Press: ? - help, Q - select action, (/) - cycle Shift-Dir - straight line, f - kobold
Aim: a kobold, wielding a +0 club and quivering stones The splash of poison hits the kobold!
You kill the kobold!
The bat closely misses you. The bat hits you but does no damage.
You have got your breath back.
The endoplasm jiggles.
The endoplasm hits you.
* * * LOW HITPOINT WARNING * * *
You hit the hobgoblin.
You kill the hobgoblin!
The bat closely misses you. The endoplasm hits you.
* * * LOW HITPOINT WARNING * * *
The bat hits you but does no damage. The bat hits you but does no damage.
The bat barely misses you. The endoplasm freezes you.
You are frozen.
You die...

.........)......!#
......#..###.)...#
..... #..# #.....#
.... #..# #.....#
... #..# #.....#
#. #†.# #....... #
#..# #........
#Jb# ###......
#.@# ... #..# ...
#..# #.###..#
+......# ##.#...#
#.....# ##....#
#....#


You could see an endoplasm and a bat.

Vanquished Creatures
  3 ball pythons (D:1)
  4 bats
  2 endoplasms
  A giant cockroach (D:1)
  6 hobgoblins
  4 kobolds
  2 quokkas (D:1)
  3 frilled lizards
  4 goblins
  2 rats
31 creatures vanquished.

Notes
Turn   | Place    | Note
-------+----------+-------------------------------------------
     0 | D:1      | cheechan the Naga Chaos Knight began the quest for the Orb.
     0 | D:1      | Reached XP level 1. HP: 21/21 MP: 1/1
    61 | D:1      | Found a faded altar of an unknown god.
    62 | D:1      | XOM: divination: magic mapping
    69 | D:1      | Prayed at the altar of an unknown god.
    69 | D:1      | Fell from the grace of Xom
    69 | D:1      | Became a worshipper of Zin the Law-Giver
    69 | D:1      | Reached * piety under Zin
    90 | D:1      | Was placed under penance by Zin
   254 | D:1      | Reached XP level 2. HP: 28/28 MP: 2/2
   762 | D:1      | Reached XP level 3. HP: 29/34 MP: 3/3
   768 | D:1      | Reached skill level 1 in Dodging
  1090 | D:2      | Frozen to death by an endoplasm

Illustrated notes

Levels and vault maps discovered:
D:1:      nzn_arrival_settlement, layout_rooms, basic_ecumenical_altar
D:2:      layout_basic, dk_vineyard_3, minmay_snake_closets

Skill      XL: |  1  2  3 |
---------------+----------+-----
Dodging        | 1 |  1.0
Armour         | 2 |  2.0
Fighting       | |  3.3
Axes           | |  3.4
Maces & Flails | |  0.6

Action                   || total
-------------------------++-------
Melee: Hand axe          ||    10
       Mace              ||    62
 Abil: Spit Poison       ||     1
  Use: Scroll            ||     3
Armor: Leather armour    ||    64
Dodge: Dodged            ||    76

Table legend: (Time is in decaauts)
 A = Elapsed time spent in this place.
 B = Non-inter-level travel time spent in this place.
 C = Inter-level travel time spent in this place.
 D = Time resting spent in this place.
 E = Time spent auto-exploring this place.
 F = Levels seen in this place.
 G = Mean time per level.
                   A        B        C        D        E       F      G
               +--------+--------+--------+--------+--------+-----+--------+
         Total |   1448 |   1448 |      0 |    128 |      0 |   2 |  724.0 |
       Dungeon |   1448 |   1448 |      0 |    128 |      0 |   2 |  724.0 |
               +--------+--------+--------+--------+--------+-----+--------+

Top non-repeatable levels by time:
     D:1: 1172 daAuts
     D:2: 276 daAuts
